 Dungeon Crawl Stone Soup version 0.27.1-1-g398f81649c (webtiles) character file.

Game seed: 15747452452217275415

306 DuloT34 the Skirmisher (level 6, -1/56 HPs)
             Began as a Ghoul Monk on Sept 9, 2021.
             Slain by an orc priest (8 damage)
             ... on level 4 of the Dungeon.
             The game lasted 00:06:58 (3502 turns).

DuloT34 the Skirmisher (Ghoul Monk)                 Turns: 3502, Time: 00:06:59

Health: -1/56      AC:  4    Str: 16    XL:     6   Next: 39%
Magic:  14/14      EV: 13    Int:  5    God:
Gold:   144        SH:  5    Dex: 12    Spells: 5/5 levels left

rFire    . . .     SeeInvis .   m - +7 club
rCold    + . .     Faith    .   (no shield)
rNeg     + + +     Spirit   .   f - +0 leather armour
rPois    ∞         Reflect  +   (no helmet)
rElec    .         Harm     .   j - +0 cloak
rCorr    .         Rampage  .   (no gloves)
Will     .....                  (no boots)
Stlth    ++........             e - amulet of reflection
HPRegen  0.00/turn              c - ring of magical power
MPRegen  0.14/turn              (no ring)

@: inhibited regen
A: claws 1, cold resistance 1, negative energy resistance 3, inhibited
regeneration, torment resistance 2
a: no special abilities


You were on level 4 of the Dungeon.
You visited 1 branch of the dungeon, and saw 4 of its levels.

You collected 144 gold pieces.

Inventory:

Hand Weapons
 m - a +7 club (weapon)
Armour
 a - a +0 robe
 f - a +0 leather armour (worn)
 j - a +0 cloak (worn)
Jewellery
 b - a ring of resist corrosion
 c - a ring of magical power (left claw)
 e - an amulet of reflection (around neck)
Wands
 p - a wand of iceblast (7)
Scrolls
 q - a scroll of magic mapping
Potions
 d - 3 potions of curing
 g - a potion of degeneration {unknown}
 h - a potion of brilliance {unknown}
 i - a potion of resistance {unknown}
 k - a potion of berserk rage {unknown}
 l - a potion of magic {unknown}
 n - a potion of might {unknown}
 o - a potion of attraction {unknown}


   Skills:
 + Level 5.4 Fighting
 * Level 2.3 Maces & Flails
 + Level 4.4 Dodging
 - Level 2.1 Stealth
 - Level 3.2 Unarmed Combat


You had 5 spell levels left.
You didn't know any spells.
Your spell library was empty.

Dungeon Overview and Level Annotations

Branches:
Dungeon (4/15)
 Temple: D:4-7

Altars:
Hepliaklqana
Nemelex Xobeh

Shops:
D:1 *   D:3 !


Innate Abilities, Weirdness & Mutations

You thrive by killing the living.
You are immune to poison.
You have sharp fingernails.
Your flesh is cold resistant. (rC+)
You are immune to negative energy. (rN+++)
You do not regenerate when monsters are visible.
You are immune to unholy pain and torment.


Message History

Beogh smites you!
You hit the orc.
The orc is almost dead.
The orc misses you.
You barely miss the orc.
The orc is almost dead.
The orc hits you with a +0 dagger.
You miss something. Something hits you.
You closely miss something. Something completely misses you.
You miss something. Something hits you but does no damage.
You hit something. Something hits you but does no damage.
You hit something. Something hits you but does no damage.
You barely miss something.
The orc priest looks encouraged for a moment.
Something hits you but does no damage.
The orc priest calls upon Beogh to heal the orc.
The orc's wounds heal themselves!
Something hits you.
You hit something. Something completely misses you.
Your leather armour prevents you from hitting something.
Something hits you.
You hit something.
You feel better.
Reactivating autopickup.
You feel a bit more experienced.
You hit the orc.
The orc is almost dead.
You block the orc's attack.
The orc priest calls down the wrath of Beogh upon you.
Beogh smites you!
You hit the orc.
You kill the orc!
The orc priest calls down the wrath of Beogh upon you.
Beogh smites you!
* * * LOW HITPOINT WARNING * * *
The orc priest closely misses you.
Items here: )))) [[[ †.
You sock the orc priest!
The orc priest is heavily wounded.
The orc priest barely misses you.
The orc priest hits you with a +0 flail!
You die...

#.## #..##...........
##..####..##...........
#.........###...#######
#..##...# #...#
##.##...# #†..#
#..#...# #...# ##.#...#
##### # #.o...# #
##@#.## # #.#.# #
###.#.######### #
#.....†.......# #
#+##..#######.######
.............##......[
.......>.....##.#####.
.............##.#...#.
.............##.#._.#.


You could see an orc priest.

Vanquished Creatures
  A scorpion (D:4)
  An orc priest (D:3)
  Jessica (D:3)
  An iguana (D:4)
  An orc wizard (D:4)
  A hound skeleton (D:3)
  3 adders
  3 adder skeletons (D:3)
  An adder zombie (D:3)
  5 worms
  3 dart slugs
  6 orcs
  6 bats
  8 endoplasms
  A giant cockroach (D:2)
  4 goblins
  4 hobgoblins
  2 jackals (D:2)
  4 kobolds
  5 quokkas
  3 ball pythons
  A ball python skeleton (D:3)
  A frilled lizard (D:1)
  4 rats
70 creatures vanquished.

Vanquished Creatures (others)
  2 withered plants (D:3)
2 creatures vanquished.

Grand Total: 72 creatures vanquished

Notes
Turn   | Place    | Note
-------+----------+-------------------------------------------
     0 | D:1      | DuloT34 the Ghoul Monk began the quest for the Orb.
     0 | D:1      | Reached XP level 1. HP: 19/19 MP: 0/0
   286 | D:1      | Found Odo Joaw's General Store.
   372 | D:1      | Reached XP level 2. HP: 26/26 MP: 1/1
   975 | D:2      | Reached XP level 3. HP: 33/33 MP: 2/2
   990 | D:2      | Reached skill level 4 in Fighting
  1690 | D:2      | Reached XP level 4. HP: 22/41 MP: 3/3
  2240 | D:3      | Found a sparkling altar of Nemelex Xobeh.
  2294 | D:3      | Found Cuox's Distillery.
  2487 | D:3      | Noticed Jessica
  2493 | D:3      | Killed Jessica
  2672 | D:3      | Reached XP level 5. HP: 41/47 MP: 4/4
  2890 | D:3      | Reached skill level 5 in Fighting
  3032 | D:3      | Reached skill level 1 in Maces & Flails
  3184 | D:4      | Reached XP level 6. HP: 54/56 MP: 5/5
  3263 | D:4      | Found a hazy altar of Hepliaklqana.
  3502 | D:4      | Slain by an orc priest

Illustrated notes

Levels and vault maps discovered:
D:1:      minmay_arrival_checkered_box, layout_rooms, serial_shops,
          nicolae_square_shop
D:2:      layout_loops_ring
D:3:      layout_basic, lemuel_doored_altar, cheibrodos_sewer_entry_bend,
          serial_undead, serial_undead_a, serial_undead_f, serial_undead_b,
          serial_undead_b, serial_undead_d, serial_shops, nicolae_square_shop,
          uniq_jessica
D:4:      layout_basic, nzn_hepliaklqana_mist_gate,
          nicolae_sif_muna_little_library

Skill      XL: |  1  2  3  4  5  6 |
---------------+-------------------+-----
Dodging        | 3 4 |  4.4
Fighting       | 4 5 |  5.4
Maces & Flails | 1 2 |  2.3
Stealth        | |  2.1
Unarmed Combat | |  3.2

Action                   |  1- 3 |  4- 6 || total
-------------------------+-------+-------++-------
Melee: Unarmed           |   126 |    53 ||   179
       Punch             |     4 |     3 ||     7
       Club              |       |    91 ||    91
  Use: Scroll            |     3 |     2 ||     5
 Stab: Sleeping          |     4 |     4 ||     8
Armor: Robe              |     9 |       ||     9
       Leather armour    |     8 |    34 ||    42
Dodge: Dodged            |    61 |    79 ||   140
Block: Other             |    12 |    36 ||    48
       Reflection        |     1 |       ||     1
